Map: Scythe of Amon

Players

Alebay

  • Race: Protoss Protoss
  • Spawn Location: 5:00

MattBarry

  • Race: Zerg Zerg

VOD

Have the link to the VOD?

Description

Time

  • Played on: Dec. 26, 2022, 3:02 a.m.
  • Length: 18:17
Show
View Real Time Build Order
Export as new Build Order

Alebay Protoss 

Build Orders:  

Get SALT Encoding   

  12  0:02  Probe (Chrono Boost)  
  13  0:16  Probe (Chrono Boost)  
  14  0:29  Pylon  
  14  0:30  Probe (Chrono Boost)  
  15  0:53  Probe (Chrono Boost)  
  16  1:07  Probe (Chrono Boost)  
  17  1:14  Assimilator  
  17  1:33  Forge  
  17  1:34  Dark Pylon  
  17  1:40  Gateway  
  17  1:42  Probe (Chrono Boost)  
  18  1:56  Probe (Chrono Boost)  
  19  2:03  Assimilator  
  14  2:10  Probe (Chrono Boost)  
  20  2:23  Probe (Chrono Boost)  
  21  2:42  Protoss Ground Weapons Level 1  
  21  2:53  Cybernetics Core  
  21  3:00  Zealot  
  23  3:12  Gateway  
  23  3:15  Gateway  
  23  3:38  Zealot  
  25  3:52  Dark Pylon  
  25  3:56  Photon Cannon  
  23  4:32  Stalker x3  
  23  4:38  Warp Gate  
  27  4:48  Pylon  
  27  4:52  Pylon  
  27  5:22  Protoss Ground Armor Level 1  
  27  5:27  Twilight Council  
  33  5:50  Stalker x3  
  39  6:05  Photon Cannon  
  39  6:14  Dark Pylon  
  39  6:25  Stalker  
  39  6:26  Stalker  
  39  6:27  Stalker  
  45  7:09  Stalker  
  47  7:10  Stalker x2  
  51  7:49  Dark Pylon  
  51  7:53  Stalker x3  
  51  8:26  Stalker x2  
  51  8:27  Stalker  
  55  9:05  Stalker x2  
  55  9:06  Stalker  
  61  9:26  Blink  
  61  9:41  Dark Pylon  
  59  9:50  Stalker x2  
  59  9:51  Stalker  
  41  10:35  Gateway  
  41  10:38  Gateway  
  41  10:40  Gateway  
  41  10:44  Stalker x3  
  47  11:20  Dark Pylon  
  47  11:24  Stalker x3  
  52  12:03  Probe (Chrono Boost)  
  52  12:08  Stalker x4  
  52  12:09  Stalker  
  63  12:58  Stalker  
  63  12:59  Stalker x3  
  71  13:18  Nexus  
  69  13:28  Pylon  
  61  13:30  Pylon  
  51  13:43  Stalker x2  
  51  13:44  Stalker  
  33  14:13  Stalker  
  33  14:14  Stalker x2  
  31  14:32  Stalker  
  31  14:49  Stalker x2  
  29  15:15  Stalker  
  29  15:16  Stalker  
  31  15:52  Probe (Chrono Boost)  
  32  16:02  Probe (Chrono Boost)  
  32  16:06  Probe (Chrono Boost)  
  32  16:09  Assimilator  
  34  16:14  Assimilator  
  34  16:16  Probe (Chrono Boost)  
  35  16:20  Probe (Chrono Boost)  
  35  16:24  Dark Pylon  
  35  16:25  Stalker x2  
  40  16:30  Probe (Chrono Boost)  
  40  16:34  Probe (Chrono Boost)  
  42  16:43  Probe (Chrono Boost)  
  42  16:48  Probe (Chrono Boost)  
  44  16:57  Probe (Chrono Boost)  
  45  17:07  Stalker x2  
  45  17:08  Stalker x2  
  39  18:01  Stalker x5  
Show
View Real Time Build Order
Export as new Build Order

MattBarry Zerg 

Build Orders:  

Get SALT Encoding   

  18  0:03  Primal Drone  
  19  0:12  Primal Drone  
  20  0:23  Primal Drone  
  21  0:44  Primal Warden  
  21  0:49  Primal Drone  
  23  0:57  Extractor  
  23  1:01  Primal Drone  
  24  1:40  Primal Drone x2  
  24  1:49  Primal Zergling  
  27  2:00  Extractor  
  27  2:28  Primal Drone x3  
  27  2:29  Primal Drone x2  
  32  2:45  Primal Zergling  
  32  2:46  Primal Zergling  
  33  3:24  Primal Drone  
  33  3:25  Primal Drone x2  
  34  3:49  Glevig's Den  
  33  4:04  Primal Warden  
  33  4:07  Primal Warden  
  35  4:52  Primal Drone x4  
  35  4:53  Primal Drone  
  40  5:19  Primal Hive  
  45  5:50  Glial Reconstitution  
  45  5:53  Primal Drone x2  
  45  5:54  Primal Drone  
  45  5:56  Primal Attacks Level 1  
  48  6:08  Primal Hydralisk  
  48  6:09  Primal Hydralisk x5  
  60  6:10  Primal Hydralisk x2  
  64  6:23  Primal Drone x2  
  66  7:39  Primal Hydralisk x4  
  74  7:40  Primal Hydralisk  
  74  8:07  Primal Hydralisk  
  76  8:16  Muscular Augments  
  76  8:27  Murvar's Den  
  75  8:37  Primal Wurm  
  62  9:25  Primal Hydralisk  
  62  9:26  Primal Hydralisk  
  62  9:27  Primal Hydralisk x7  
  72  10:25  Primal Hydralisk x3  
  72  10:26  Primal Hydralisk  
  78  11:23  Primal Hive  
  70  12:17  Primal Drone  
  70  12:18  Primal Drone x9  
  70  12:19  Primal Attacks Level 2  
  80  12:36  Primal Drone  
  80  12:37  Primal Carapace Level 1  
  81  12:40  Extractor  
  81  12:42  Extractor  
  81  13:20  Primal Drone x2  
  79  14:04  Primal Hydralisk  
  79  14:05  Primal Hydralisk x11  
  54  14:57  Primal Hydralisk x4  
  46  16:09  Primal Warden  
  48  16:11  Primal Warden  
  48  16:17  Primal Drone  
  48  16:18  Primal Drone x4  
  53  16:27  Primal Hydralisk x6  
  65  16:42  Primal Hydralisk  
Tags
 
Commander
DehakaVorazun
Matchup
Co-op
Replay Pack
Multiplayer
Add a new tag
Caveats
  • Supply blocks, unpowered buildings, or Contaminate may cause inaccurate times.
  • Supply counts are checked every 10 seconds.